 Dungeon Crawl Stone Soup version 0.23.2 (webtiles) character file.

Game seed: 17687163664010972422

1350 Revguard the Gusty (level 8, -2/63 HPs)
             Began as a Green Draconian Air Elementalist on Apr 11, 2019.
             Slain by a bullfrog skeleton (4 damage)
             ... on level 6 of the Dungeon.
             The game lasted 00:35:04 (5746 turns).

Revguard the Gusty (DrAE)                           Turns: 5746, Time: 00:35:05

Health: -2/63      AC:  9    Str: 12    XL:     8   Next: 36%
Magic:  0/15       EV: 20    Int: 19    God:
Gold:   358        SH:  0    Dex: 16    Spells: 9/17 levels left

rFire    . . .     SeeInvis +   d - +1 mace
rCold    + . .     Gourm    .   (no shield)
rNeg     . . .     Faith    .   (armour unavailable)
rPois    +         Spirit   .   (helmet restricted)
rElec    .         Reflect  .   (no cloak)
rCorr    .         Harm     .   a - +0 pair of gloves
MR       .....                  e - +0 pair of boots
Stlth    +++.......             (no amulet)
HPRegen  0.20/turn              h - ring of protection from cold
MPRegen  0.14/turn              g - ring of see invisible

@: agile, berserk cooldown, slowed, very slow
A: breathe noxious fumes, unfitting armour, poison resistance, shaggy fur 1,
strong 1, cold-blooded, AC +6
a: Breathe Noxious Fumes


You were on level 6 of the Dungeon.
You were very hungry.

You visited 1 branch of the dungeon, and saw 6 of its levels.
You also visited: Sewer.

You collected 358 gold pieces.

Inventory:

Hand Weapons
 d - a +1 mace (weapon)
Armour
 a - a +0 pair of gloves (worn)
 e - a +0 pair of boots (worn)
 n - the +4 moon troll leather armour {Spirit, Regen++ MP+5}
   (You found it on level 5 of the Dungeon)

   It affects your magic capacity (+5).
   It increases your rate of regeneration.
Jewellery
 g - a ring of see invisible (right hand)
 h - a ring of protection from cold (left hand)
 j - an uncursed amulet of guardian spirit
Scrolls
 c - a scroll of enchant weapon
 k - a scroll of remove curse
 p - 2 scrolls of identify
Potions
 i - a potion of berserk rage
 m - a potion of cancellation
Comestibles
 b - 7 rations
 o - a chunk of flesh


   Skills:
 + Level 3.3 Fighting
 + Level 5.0 Dodging
 - Level 2.1 Stealth
 + Level 5.0 Spellcasting
 + Level 4.1 Conjurations
 + Level 5.5 Air Magic


You had 9 spell levels left.
You knew the following spells:

 Your Spells              Type           Power        Failure   Level  Hunger
a - Shock                 Conj/Air       ###.         1%          1    None
b - Static Discharge      Conj/Air       ###.....     4%          3    ##.....
c - Airstrike             Air            ####......   13%         4    ####...

Your spell library contained the following spells:

 Spells                   Type           Power        Failure   Level  Hunger
 Magic Dart               Conj           ###.         2%          1    None
 Swiftness                Chrm/Air       ###.....     6%          2    #......
 Mephitic Cloud           Conj/Pois/Air  ###.....     10%         3    ##.....
 Animate Skeleton         Necr           N/A          12%         1    None
 Apportation              Tloc           #.....       12%         1    None
 Confusing Touch          Hex            #.....       12%         1    None
 Summon Small Mammal      Summ           #...         12%         1    None
 Conjure Flame            Conj/Fire      ##......     16%         3    ##.....
 Blink                    Tloc           N/A          19%         2    #......
 Call Imp                 Summ           #.......     19%         2    #......
 Shroud of Golubria       Chrm/Tloc      #.........   19%         2    #......
 Slow                     Hex            #.......     19%         2    #......
 Confuse                  Hex            #.......     36%         3    ##.....
 Gell's Gravitas          Tloc           #.........   36%         3    ##.....
 Lesser Beckoning         Tloc           #.........   36%         3    ##.....
 Teleport Other           Tloc           #.......     36%         3    ##.....
 Lightning Bolt           Conj/Air       ###.......   43%         5    ######.
 Passage of Golubria      Tloc           N/A          77%         4    ####...
 Petrify                  Tmut/Erth      #.......     77%         4    ####...
 Metabolic Englaciation   Hex/Ice        #.........   98%         5    ######.
 Yara's Violent Unravell  Hex/Tmut       #.........   98%         5    ######.


Dungeon Overview and Level Annotations

Branches:
Dungeon (6/15)
 Temple: D:4-7

Altars:
Cheibriados
Gozag
Kikubaaqudgha
Okawaru
Zin

Annotations:
D:6 Menkaure


Innate Abilities, Weirdness & Mutations

You can breathe blasts of noxious fumes.
Your lurid green scales are hard. (AC +6)
You cannot fit into any form of body armour.
Your system is resistant to poisons. (rPois)
You are cold-blooded and may be slowed by cold attacks.
You are covered in fur. (AC +1)
Your muscles are strong. (Str +2)


Message History

You feel a surge of unholy energy.
The orc convulses!
The sky beast convulses!
The bullfrog skeleton completely misses you.
Menkaure misses you. The bullfrog skeleton misses you.
Casting: Static Discharge (safe; 4% risk of failure)
Confirm with . or Enter, or press ? or * to list all spells.
Aiming: Shock (safe; 1% risk of failure)
Press: ? - help, Shift-Dir - straight line, f - Menkaure
Aim: Menkaure (heavily damaged, fast)
The zap hits Menkaure.
Menkaure is almost destroyed.
The zap hits the orc.
You kill the orc!
The bullfrog skeleton closely misses you.
Menkaure completely misses you.
You hit Menkaure but do no damage.
Menkaure is almost destroyed.
You have got your breath back.
The bullfrog skeleton barely misses you.
Menkaure completely misses you. The bullfrog skeleton hits you.
You die...

#..........###....##.#.####
###..............#.........
#......######.###..#.####
##.##.## #..#.#.#.# # # #.
#........# # ##.##
#......### # #...#
####.#### #...#####......#
#..YM@ZZ..##>#.#
#..S#####.##.#.#
...........#.##.#.#
..............##.#.#
#...........#.##.#.#
###.#..^...........###.#
#.#...#.###..........# #
#...#.# ####.####### #
#....#


You could see a sky beast, Menkaure, an adder (confused), a bullfrog zombie and
a bullfrog skeleton.

Vanquished Creatures
  A sky beast (D:5)
  Purgy (Sewer)
  A hornet zombie (D:6)
  An ogre (D:4)
  A centaur (D:6)
  A bullfrog (D:6)
  A scorpion (D:4)
  3 wights (D:4)
  A crimson imp (D:5)
  4 hounds
  A jelly (D:4)
  2 centaur skeletons
  3 orc priests (D:6)
  2 orc wizards (D:6)
  A worker ant (D:4)
  11 adders
  3 gnolls (D:4)
  2 shadow imps (D:5)
  3 dart slugs
  2 leopard geckos
  27 orcs
  7 giant cockroaches
  8 goblins
  4 hobgoblins
  3 jackals (D:2)
  9 kobolds
  2 quokkas
  2 ball pythons
  14 bats
  2 frilled lizards (D:1)
  A giant cockroach zombie (D:3)
  6 rats
130 creatures vanquished.

Notes
Turn   | Place    | Note
-------+----------+-------------------------------------------
     0 | D:1      | Revguard the Draconian Air Elementalist began the quest for
                  | the Orb.
     0 | D:1      | Reached XP level 1. HP: 14/14 MP: 3/3
   298 | D:1      | Reached XP level 2. HP: 18/20 MP: 0/5
   694 | D:1      | Gained mutation: You are covered in fur. (AC +1) [potion of
                  | mutation]
   694 | D:1      | Gained mutation: Your muscles are strong. (Str +2) [potion
                  | of mutation]
  1162 | D:2      | Reached XP level 3. HP: 24/27 MP: 3/6
  1169 | D:2      | Learned a level 3 spell: Static Discharge
  1781 | D:2      | Found an opulent altar of Gozag.
  1781 | D:2      | Found a glowing silver altar of Zin.
  2148 | D:3      | Reached skill level 1 in Fighting
  2445 | D:3      | Reached XP level 4. HP: 32/35 MP: 0/8
  2534 | D:3      | Learned a level 4 spell: Airstrike
  3475 | D:4      | Reached XP level 5. HP: 21/40 MP: 0/9
  3582 | D:4      | Reached XP level 6. HP: 32/47 MP: 2/11
  3846 | D:4      | Found a glowing drain.
  3874 | Sewer    | Entered a sewer
  3998 | Sewer    | Noticed Purgy
  4022 | Sewer    | Killed Purgy
  4238 | D:4      | Your scales start taking on a lurid green colour.
  4238 | D:4      | Reached XP level 7. HP: 44/55 MP: 12/12
  4238 | D:4      | Gained mutation: Your system is resistant to poisons.
                  | (rPois) [Green Draconian growth]
  5212 | D:5      | Entered Level 5 of the Dungeon
  5225 | D:5      | Found the +4 moon troll leather armour {Spirit, Regen++
                  | MP+5}
  5265 | D:5      | Found an iron altar of Okawaru.
  5265 | D:5      | Found an ancient bone altar of Kikubaaqudgha.
  5265 | D:5      | Found a snail-covered altar of Cheibriados.
  5519 | D:5      | Reached skill level 5 in Air Magic
  5557 | D:5      | You fall through a shaft!
  5640 | D:6      | Reached XP level 8. HP: 47/62 MP: 0/14
  5731 | D:6      | HP: 3/94 [hornet zombie (2)]
  5733 | D:6      | Noticed Menkaure
  5734 | D:6      | HP: 1/63 [hornet zombie (2)]
  5743 | D:6      | Reached skill level 5 in Dodging
  5743 | D:6      | Reached skill level 5 in Spellcasting
  5743 | D:6      | HP: 1/63 [Menkaure/nerve-wracking pain (11)]
  5746 | D:6      | Slain by a bullfrog skeleton

Skill      XL: |  1  2  3  4  5  6  7  8 |
---------------+-------------------------+-----
Dodging        | 2 3 4 5 |  5.0
Stealth        | 2 |  2.1
Fighting       | 1 2 3 |  3.3
Conjurations   | 2 3 4 |  4.1
Spellcasting   | 3 4 5 |  5.0
Air Magic      | 4 5 |  5.5

Action                   |  1- 3 |  4- 6 |  7- 9 || total
-------------------------+-------+-------+-------++-------
Melee: Unarmed           |     6 |       |       ||     6
       Tailslap          |     5 |    10 |     8 ||    23
       Mace              |    55 |   105 |   100 ||   260
 Cast: Shock             |    47 |    68 |    22 ||   137
       Static Discharge  |     3 |    11 |    15 ||    29
       Airstrike         |       |       |     3 ||     3
 Abil: Breathe Noxious F |       |       |     1 ||     1
  Use: Potion            |     5 |     6 |     4 ||    15
       Scroll            |     4 |     7 |     3 ||    14
 Stab: Sleeping          |     1 |     1 |       ||     2
  Eat: Chunk             |     2 |     8 |     2 ||    12
       Ration            |     1 |       |     1 ||     2
Armor: Skin              |    31 |    93 |    42 ||   166
Dodge: Dodged            |    82 |   149 |   161 ||   392
